Map: Sequencer LE

Players

jumanjii

  • Race: Protoss Protoss
  • League: Master
  • Spawn Location: 7:00

Alluton - Winner!

  • Race: Protoss Protoss
  • League: Grandmaster
  • Spawn Location: 1:00

VOD

Have the link to the VOD?

Description

Time

  • Played on: June 4, 2017, 9:10 a.m.
  • Length: 9:48
Show
View Real Time Build Order
Export as new Build Order

jumanjii Protoss 

Build Orders:  

Get SALT Encoding   

  12  0:01  Probe (Chrono Boost)  
  13  0:11  Probe (Chrono Boost)  
  14  0:18  Pylon  
  14  0:22  Probe (Chrono Boost)  
  15  0:37  Probe (Chrono Boost), Gateway  
  16  0:43  Assimilator  
  16  0:47  Probe (Chrono Boost)  
  17  0:51  Assimilator  
  17  0:58  Probe (Chrono Boost)  
  18  1:08  Probe (Chrono Boost)  
  18  1:09  Gateway  
  19  1:19  Probe (Chrono Boost)  
  19  1:25  Cybernetics Core  
  20  1:29  Probe (Chrono Boost)  
  21  1:40  Probe (Chrono Boost)  
  21  1:44  Pylon  
  22  1:50  Probe (Chrono Boost)  
  23  2:02  Stalker  
  23  2:03  Stalker  
  23  2:06  Warp Gate (Chrono Boost)  
  27  2:10  Mothership Core  
  29  2:19  Pylon  
  29  2:32  Stalker  
  29  2:37  Stalker  
  33  3:02  Nexus  
  33  3:03  Sentry  
  35  3:07  Sentry  
  37  3:14  Pylon  
  37  3:28  Robotics Facility  
  36  3:38  Probe (Chrono Boost)  
  36  3:41  Twilight Council  
  37  3:50  Probe (Chrono Boost)  
  38  3:56  Forge  
  38  4:00  Probe (Chrono Boost)  
  39  4:11  Probe (Chrono Boost), Phoenix  
  39  4:15  Observer  
  39  4:16  Probe (Chrono Boost)  
  42  4:18  Blink  
  42  4:21  Probe (Chrono Boost)  
  43  4:26  Probe (Chrono Boost)  
  44  4:32  Probe (Chrono Boost)  
  44  4:37  Probe (Chrono Boost)  
  46  4:42  Probe (Chrono Boost), Immortal (Chrono Boost)  
  51  4:47  Probe (Chrono Boost)  
  52  4:53  Probe (Chrono Boost)  
  52  4:58  Probe (Chrono Boost)  
  54  5:00  Assimilator  
  54  5:02  Assimilator  
  54  5:03  Probe (Chrono Boost)  
  55  5:08  Probe (Chrono Boost)  
  55  5:14  Probe (Chrono Boost)  
  57  5:19  Probe (Chrono Boost)  
  58  5:22  Immortal (Chrono Boost)  
  62  5:30  Pylon  
  62  5:36  Pylon  
  62  5:45  Gateway  
  62  5:48  Probe x2  
  64  5:53  Protoss Ground Weapons Level 1  
  64  5:54  Photon Cannon  
  63  5:59  Observer (Chrono Boost)  
  63  6:00  Probe x2  
  65  6:12  Probe x2  
  65  6:14  Photon Cannon  
  66  6:24  Probe x2  
  66  6:37  Probe x2  
  66  6:38  Gateway  
  68  6:43  Gateway  
  68  6:44  Gateway  
  68  6:49  Probe, Pylon  
  69  7:01  Pylon  
  69  7:03  Pylon  
  69  7:07  Warp Prism (Chrono Boost), Sentry x3  
  77  7:13  Pylon  
  77  7:14  Gateway  
  77  7:18  Gateway  
  77  7:27  Photon Cannon  
  77  7:30  Photon Cannon  
  77  7:40  Stalker x2  
  79  7:49  Stalker x3  
  83  7:54  Stalker  
  82  8:14  Nexus  
  82  8:22  Pylon  
  82  8:25  Pylon  
  82  8:28  Robotics Bay  
  82  8:48  Zealot x5  
  86  8:56  Stalker  
  85  9:07  Stalker  
  85  9:08  Zealot  
Show
View Real Time Build Order
Export as new Build Order

Alluton Protoss - Winner!

Build Orders:  

Get SALT Encoding   

  12  0:01  Probe (Chrono Boost)  
  13  0:11  Probe (Chrono Boost)  
  14  0:18  Pylon  
  14  0:22  Probe (Chrono Boost)  
  15  0:37  Probe (Chrono Boost)  
  15  0:38  Gateway  
  16  0:43  Assimilator  
  16  0:47  Probe (Chrono Boost)  
  17  0:52  Assimilator  
  17  0:58  Probe (Chrono Boost)  
  18  1:08  Probe (Chrono Boost)  
  18  1:09  Gateway  
  19  1:19  Probe (Chrono Boost)  
  20  1:26  Cybernetics Core  
  20  1:29  Probe (Chrono Boost)  
  21  1:36  Pylon  
  22  1:40  Probe (Chrono Boost)  
  22  1:50  Probe (Chrono Boost)  
  23  2:01  Probe (Chrono Boost)  
  24  2:02  Stalker x2, Warp Gate  
  28  2:11  Probe (Chrono Boost)  
  29  2:16  Pylon  
  29  2:22  Probe (Chrono Boost)  
  30  2:32  Probe (Chrono Boost)  
  30  2:34  Stalker x2  
  35  2:43  Probe (Chrono Boost)  
  36  2:53  Probe (Chrono Boost)  
  36  2:57  Pylon  
  37  3:04  Mothership Core (Chrono Boost)  
  39  3:19  Nexus  
  39  3:23  Probe (Chrono Boost)  
  40  3:33  Probe (Chrono Boost)  
  41  3:35  Robotics Facility  
  41  3:42  Twilight Council  
  41  3:45  Probe (Chrono Boost)  
  42  3:51  Pylon  
  42  3:56  Probe (Chrono Boost)  
  43  4:09  Probe (Chrono Boost)  
  44  4:18  Dark Shrine  
  44  4:20  Probe (Chrono Boost)  
  44  4:22  Warp Prism (Chrono Boost)  
  47  4:28  Blink (Chrono Boost)  
  47  4:30  Probe  
  47  4:34  Probe  
  49  4:38  Pylon  
  49  4:41  Probe  
  50  4:46  Probe  
  51  4:53  Probe  
  51  4:55  Observer  
  51  4:58  Probe  
  54  5:05  Probe  
  55  5:07  Assimilator  
  55  5:09  Assimilator  
  55  5:10  Probe, Gateway  
  55  5:11  Gateway  
  55  5:14  Gateway  
  56  5:18  Gateway  
  56  5:19  Immortal  
  60  5:32  Dark Templar  
  60  5:33  Dark Templar  
  64  5:40  Pylon  
  64  5:46  Pylon  
  64  6:02  Immortal  
  64  6:06  Probe  
  69  6:22  Nexus  
  69  6:24  Pylon  
  67  6:27  Stalker x4  
  75  6:33  Stalker  
  75  6:35  Stalker  
  75  6:38  Immortal  
  83  6:55  Stalker, Sentry  
  83  6:56  Stalker  
  89  7:07  Stalker x3  
  95  7:11  Pylon  
  95  7:27  Stalker x3  
  101  7:34  Pylon  
  101  7:37  Pylon  
  101  7:47  Immortal  
  99  7:53  Robotics Bay  
  99  7:56  Probe  
  99  7:57  Probe  
  99  7:58  Probe  
  106  8:00  Forge  
  106  8:01  Assimilator  
  106  8:18  Stalker x3  
  112  8:24  Stalker  
  112  8:25  Stalker  
  116  8:42  Robotics Facility  
  116  8:46  Stalker x2  
  116  8:47  Stalker  
  107  9:05  Stalker  
  107  9:06  Stalker x2  
  93  9:27  Stalker x3  
Tags
 
Add a new tag
Caveats
  • Supply blocks, unpowered buildings, or Contaminate may cause inaccurate times.
  • Supply counts are checked every 10 seconds.